 Dungeon Crawl Stone Soup version 0.31-a0-1042-ga9834b393d (webtiles) character file.

Game seed: 6231238578685881113

81 Dirtsage the Chopper (level 4, 21/35 HPs)
             Began as a Demonspawn Berserker on Nov 20, 2023.
             Was a Believer of Trog.
             Quit the game on level 2 of the Dungeon.
             The game lasted 00:01:54 (1136 turns).

Dirtsage the Chopper (Demonspawn Berserker)         Turns: 1136, Time: 00:01:55

Health: 21/35      AC:  2    Str: 19    XL:     4   Next: 20%
Magic:  4/4        EV: 12    Int:  9    God:    Trog [**....]
Gold:   85         SH:  0    Dex: 12    Spells: 3/3 levels left

rFire   . . .        a - +0 hand axe
rCold   . . .        (no shield)
rNeg    . . .        b - +0 animal skin
rPois   .            (no helmet)
rElec   .            (no cloak)
rCorr   .            (no gloves)
SInv    .            (no boots)
Will    .....        c - amulet of faith
Stlth   +            (no ring)
HPRegen 0.25/turn    (no ring)
MPRegen 0.09/turn

%: faith
@: no status effects
A: ignite blood 1, demonic magic 1
a: Renounce Religion, Berserk, Trog's Hand


You were on level 2 of the Dungeon.
You worshipped Trog.
Trog was pleased with you.
You visited 1 branch of the dungeon, and saw 2 of its levels.

You collected 85 gold pieces.

Inventory:

Hand Weapons
 a - a +0 hand axe (weapon)
Armour
 b - a +0 animal skin (worn)
Jewellery
 c - an amulet of faith (around neck)
 f - an amulet of reflection
Scrolls
 d - a scroll of immolation {unknown}
 e - a scroll of torment {unknown}
 h - a scroll of identify {unknown}
Potions
 g - 2 potions of cancellation {unknown}


   Skills:
 - Level 3.0 Fighting
 + Level 4.6 Axes
 - Level 1.7 Armour
 - Level 1.7 Dodging


You had 3 spell levels left.
You didn't know any spells.
Your spell library contained the following spells:

 Spells                   Type           Power      Damage    Failure   Level
 Kiss of Death            Conj/Necr      0%         2d5       38%         1
 Magic Dart               Conj           0%         1d3       38%         1
 Call Imp                 Summ           0%         N/A       52%         2
 Confusing Touch          Hex            0%         N/A       77%         3
 Mephitic Cloud           Conj/Pois/Air  0%         N/A       77%         3
 Dispel Undead            Necr           0%         3d6       99%         4


Dungeon Overview and Level Annotations

Branches:
Dungeon (2/15)

Altars:

Shops:
D:1 (:


Innate Abilities, Weirdness & Mutations

Your demonic aura sometimes causes spilled blood to erupt in flames.
Spells you cast may paralyse adjacent enemies.


Message History

You hit the dart slug.
The dart slug is heavily wounded.
The dart slug launches a dart at you. The slug dart hits you.
You take 2 damage, and have 33/35 hp.
You hit the dart slug but do no damage.
The dart slug is heavily wounded.
You hit the dart slug.
The dart slug is severely wounded.
The dart slug bites you.
You slash the dart slug!
You kill the dart slug!
Trog accepts your kill. The gnoll barely misses you.
You see here a dart slug corpse.
You hit the gnoll.
The gnoll is lightly wounded.
The gnoll misses you.
You slash the gnoll!
The gnoll is severely wounded.
The gnoll hits you with a +0 whip.
You take 4 damage, and have 29/35 hp.
You hit the gnoll but do no damage.
The gnoll is severely wounded.
The gnoll barely misses you.
You hit the gnoll.
The gnoll is almost dead.
The gnoll hits you with a +0 whip. x2
You take 9 damage, and have 20/35 hp.
MASSIVE DAMAGE!!
You are too injured to fight recklessly!
You are too injured to fight recklessly!
You are too injured to fight recklessly!
You hit the gnoll but do no damage.
The gnoll is almost dead.
The gnoll barely misses you.
You slash the gnoll!
You kill the gnoll!
Trog accepts your kill.
You see here a +0 whip.
Are you sure you want to abandon this character and quit the game? (Confirm with "yes".)

########### #.........#
#.........# #.........#
###### #...).....# #....#
#.........# ## ##.#.####
#.........##.# #.#....#
#......@†....# #..###.#
#............# ###.###..
#.........#..###........
#.........#..........###
###########....#........
##....#.......##.
##########..##.##......##.
#....)#...................
#...<).....#####.......###


There were no monsters in sight!

Vanquished Creatures
  4 gnolls (D:2)
  An adder (D:2)
  2 dart slugs
  2 endoplasms (D:1)
  3 giant cockroaches (D:1)
  4 goblins
  3 hobgoblins
  3 kobolds (D:2)
  2 quokkas (D:2)
  2 ball pythons (D:2)
  2 frilled lizards
  2 rats (D:1)
30 creatures vanquished.

Notes
Turn   | Place    | Note
-------+----------+-------------------------------------------
     0 | D:1      | Dirtsage the Demonspawn Berserker began the quest for the
                  | Orb.
     0 | D:1      | Reached XP level 1. HP: 18/18 MP: 1/1
    61 | D:1      | Found Riorafut's Weapon Shoppe.
   117 | D:1      | Reached skill level 3 in Axes
   129 | D:1      | Found Awiolytiko's Vocational Training.
   216 | D:1      | Gained mutation: Your demonic aura sometimes causes spilled
                  | blood to erupt in flames. [demonic ancestry]
   216 | D:1      | Reached XP level 2. HP: 24/24 MP: 2/2
   868 | D:2      | Reached XP level 3. HP: 21/29 MP: 3/3
   916 | D:2      | Reached skill level 4 in Axes
  1016 | D:2      | Reached ** piety under Trog
  1074 | D:2      | Gained mutation: Spells you cast may paralyse adjacent
                  | enemies. [demonic ancestry]
  1074 | D:2      | Reached XP level 4. HP: 32/35 MP: 4/4
  1136 | D:2      | Quit the game

Illustrated notes

Levels and vault maps discovered:
D:1:      wheals_arrival_linesprint, layout_basic, serial_shops,
          nicolae_shop_bloodbath_and_beyond, nrook_mini_vaults,
          nicolae_shop_vocational
D:2:      layout_rooms, serial_curves, eino_curves_01, eino_curves_02,
          uniq_crazy_yiuf_cottage

Skill      XL: |  1  2  3 |
---------------+----------+-----
Axes           | 3 4 |  4.6
Fighting       | |  3.0
Armour         | |  1.7
Dodging        | |  1.7

Action                     |  1- 3 |  4- 6 || total
---------------------------+-------+-------++-------
  Melee: Hand axe          |    65 |    11 ||    76
         Punch             |     1 |       ||     1
 Invoke: Berserk           |     1 |       ||     1
   Stab: Sleeping          |     1 |       ||     1
 Armour: Animal skin       |    31 |     6 ||    37
  Dodge: Dodged            |    31 |     4 ||    35

Table legend: (Time is in decaauts)
 A = Elapsed time spent in this place.
 B = Non-inter-level travel time spent in this place.
 C = Inter-level travel time spent in this place.
 D = Time resting spent in this place.
 E = Time spent auto-exploring this place.
 F = Levels seen in this place.
 G = Mean time per level.
                   A        B        C        D        E       F      G
               +--------+--------+--------+--------+--------+-----+--------+
         Total |   1155 |   1087 |     68 |     40 |    847 |   2 |  577.5 |
       Dungeon |   1155 |   1087 |     68 |     40 |    847 |   2 |  577.5 |
               +--------+--------+--------+--------+--------+-----+--------+

Top non-repeatable levels by time:
     D:1: 826 daAuts
     D:2: 328 daAuts
